AoeStats
← 白鸟ii

Coastal Forest

510515769Analyzed
4v4 RM · 1d ago on Oct 1, 2026· 48m 50s· 8 players
Game mode
Random Map
Map size
Large (8 player)
Population
200
Speed
Normal
Resources
Standard
Victory
Conquest
Starting age
Dark Age
Ending age
Imperial Age
RankedLock teamsTeams togetherTeam positionsShared explorationLock speedFull tech treeHidden civsTurbo modeCheats
Victory
Defeat
🇬🇷 Bulgarians · Greece
1239
+14
🇹🇷 Malay · Türkiye
1220
+15
🇹🇷 Koreans · Türkiye
1202
+15
🇨🇦 Slavs · Canada
1142
+18
🇨🇳 Teutons · China
1209
-16
🇷🇴 Bohemians · Romania
1194
-16
🇨🇳 Hindustanis · China
1181
-15
🇨🇳 Vikings · China
1178
-15
daitoudaguo
3:55 Loom
9:29 Feudal Age
11:25 Double-Bit Axe
13:48 Fletching
24:00 Horse Collar
29:00 Castle Age
28:28 Padded Archer Armor
29:28 Crossbowman
29:58 Town Watch
33:01 Gold Mining
33:55 Bodkin Arrow
34:28 Ballistics
37:34 Stone Mining
39:11 Bow Saw
42:37 Heavy Plow
46:09 Squires
46:13 Chieftains
47:31 Scale Mail Armor
47:42 Forging
51:15 Imperial Age
𝖋𝖔𝖈𝖆
12:12 Feudal Age
17:34 Castle Age
15:31 Double-Bit Axe
15:27 Horse Collar
20:28 Bow Saw
21:00 Wheelbarrow
23:59 Heavy Plow
25:33 Loom
30:36 Fletching
30:47 Padded Archer Armor
34:11 Squires
33:56 Arson
36:55 Scale Barding Armor
37:00 Forging
37:08 Pikeman
37:50 Scale Mail Armor
42:05 Imperial Age
41:11 Hand Cart
43:08 Iron Casting
43:13 Conscription
42:49 Halberdier
45:24 Chain Barding Armor
46:38 Blast Furnace
Viner
10:54 Loom
12:40 Feudal Age
14:09 Double-Bit Axe
14:05 Horse Collar
14:09 Fishing Lines
17:07 Castle Age
16:32 Scale Barding Armor
16:21 Gold Mining
17:50 Bloodlines
18:09 Forging
18:39 Wheelbarrow
19:05 Bow Saw
20:21 Chain Barding Armor
22:37 Heavy Plow
24:40 Town Watch
28:00 Hand Cart
27:57 Stone Mining
35:10 Imperial Age
33:27 Stone Shaft Mining
32:59 Pikeman
33:39 Squires
33:24 Arson
33:40 Scale Mail Armor
34:16 Iron Casting
34:39 Chain Mail Armor
34:50 Man-at-Arms
35:33 Cavalier
35:53 Halberdier
37:04 Plate Mail Armor
37:35 Blast Furnace
36:36 Capped Ram
38:49 Ballistics
38:39 Heavy Scorpion
40:01 Paladin
41:44 Heavy Scorpion
45:04 Two-Man Saw
44:23 Siege Engineers
45:31 Town Patrol
46:54 Crop Rotation
47:27 Chemistry
47:01 Masonry
白鸟ii
11:35 Feudal Age
16:03 Castle Age
13:50 Loom
14:43 Double-Bit Axe
17:26 Bow Saw
18:38 Horse Collar
20:02 Gold Mining
20:54 Scale Barding Armor
21:55 Heavy Plow
24:01 Wheelbarrow
23:38 Stone Mining
25:22 Bloodlines
25:12 Husbandry
26:04 Forging
27:58 Gold Shaft Mining
28:50 Hand Cart
34:25 Imperial Age
32:47 Stone Shaft Mining
33:06 Masonry
33:25 Town Watch
35:10 Chain Barding Armor
35:25 Iron Casting
34:33 Heavy Camel Rider
35:43 Ballistics
35:19 Murder Holes
36:52 Plate Barding Armor
38:13 Two-Man Saw
37:10 Light Cavalry
37:56 Imperial Camel Rider
39:59 Hussar
41:51 Blast Furnace
41:13 Conscription
46:21 Chemistry
46:08 Caravan
mojotzotzo
11:34 Feudal Age
15:38 Castle Age
13:25 Double-Bit Axe
13:29 Horse Collar
14:20 Gold Mining
14:58 Bloodlines
18:04 Scale Barding Armor
17:58 Loom
19:23 Forging
20:36 Iron Casting
25:00 Chain Barding Armor
26:18 Stone Mining
27:23 Wheelbarrow
27:28 Wheelbarrow
27:24 Town Watch
27:30 Town Watch
31:58 Imperial Age
32:22 Capped Ram
33:35 Bow Saw
34:14 Plate Barding Armor
33:01 Cavalier
33:14 Siege Ram
33:55 Stirrups
34:06 Husbandry
36:50 Hand Cart
37:03 Stirrups
38:22 Blast Furnace
39:50 Fletching
41:10 Ballistics
40:46 Bodkin Arrow
42:20 Masonry
42:16 Siege Engineers
44:04 Conscription
44:37 Architecture
46:54 Chemistry
48:47 Town Patrol
49:22 Bracer
fcureklibatur
7:20 Loom
9:47 Feudal Age
11:33 Double-Bit Axe
14:26 Fletching
14:36 Padded Archer Armor
24:59 Castle Age
23:28 Gold Mining
23:58 Crossbowman
25:30 Bodkin Arrow
26:23 Ballistics
27:19 Bow Saw
31:04 Gold Shaft Mining
33:37 Thumb Ring
36:31 Imperial Age
34:31 Stone Mining
35:32 Arbalester
37:55 Bracer
38:57 Chemistry
40:21 Wheelbarrow
40:23 Stone Shaft Mining
44:12 Hand Cart
DropDongHitBong420
6:15 Loom
9:19 Loom
12:42 Feudal Age
16:26 Castle Age
14:18 Horse Collar
14:58 Double-Bit Axe
16:20 Bloodlines
17:27 Forging
18:50 Husbandry
20:14 Bow Saw
21:44 Scale Barding Armor
39:04 Imperial Age
39:12 Pikeman
39:53 Squires
40:34 Wheelbarrow
41:16 Two-Man Saw
41:24 Stone Mining
43:00 Hand Cart
43:42 Heavy Plow
44:59 Scale Mail Armor
45:34 Iron Casting
45:09 Halberdier
46:14 Conscription
48:07 Crop Rotation
48:59 Chain Mail Armor
49:45 Blast Furnace
zeyrek
5:15 Loom
9:49 Feudal Age
10:32 Double-Bit Axe
10:35 Horse Collar
21:14 Scale Barding Armor
23:11 Castle Age
21:10 Gold Mining
23:15 Forging
23:09 Stone Mining
23:41 Town Watch
24:11 Bow Saw
23:47 Light Cavalry
25:43 Wheelbarrow
25:58 Bow Saw
26:41 Iron Casting
26:26 Scale Mail Armor
27:45 Squires
27:31 Arson
28:43 Chain Mail Armor
36:34 Imperial Age
34:20 Hand Cart
35:02 Stone Shaft Mining
40:28 Two-Man Saw
41:04 Elite Fire Lancer
42:15 Hussar
43:40 Treadmill Crane
45:01 Chemistry
44:12 Pikeman
45:23 Plate Mail Armor
46:23 Ballistics
46:14 Masonry
46:04 Halberdier
48:05 Conscription
Connection lost

Rejoining the realm…

Still unreachable

The connection could not be restored.

Session expired

The server has moved on; the page needs a fresh start.